 Dungeon Crawl Stone Soup version 0.31-a0-234-gad7ace16ef (webtiles) character file.

Game seed: 9587238904591901075

11 qw the Shooter (level 2, -1/16 HPs)
             Began as a Gargoyle Hexslinger on July 9, 2023.
             Slain by a quokka (4 damage)
             ... on level 2 of the Dungeon.
             The game lasted 00:00:12 (880 turns).

qw the Shooter (Gargoyle Hexslinger)                 Turns: 880, Time: 00:00:13

Health: -1/16      AC:  4    Str: 11    XL:     2   Next: 25%
Magic:  3/3        EV: 12    Int: 13    God:
Gold:   47         SH:  0    Dex: 12    Spells: 2/3 levels left

rFire   . . .        Y - +1 sling
rCold   . . .        (no shield)
rNeg    + . .        c - +0 robe
rPois   inf          (no helmet)
rElec   +            (no cloak)
rCorr   .            (no gloves)
SInv    .            (no boots)
Will    .....        (no amulet)
Stlth   +            (no ring)
HPRegen 0.22/turn    (no ring)
MPRegen 0.08/turn

%: no passive effects
@: no status effects
A: sickness immunity, AC +2, negative energy resistance 1, electricity
resistance, torment resistance 1, petrification resistance
a: no special abilities


You were on level 2 of the Dungeon.
You visited 1 branch of the dungeon, and saw 2 of its levels.

You collected 47 gold pieces.


Innate Abilities, Weirdness & Mutations

You are immune to sickness and miasma.
Your stone body is resilient. (AC +2)
You are immune to poison.
You resist negative energy. (rN+)
You are resistant to electric shocks. (rElec)
You are resistant to unholy torment.
You are immune to petrification.


   Skills:
 - Level 1.1 Fighting
 + Level 2.9 Ranged Weapons
 - Level 1.5 Dodging
 - Level 1.0 Spellcasting
 - Level 2.6 Hexes


You had 2 spell levels left.
You knew the following spells:

 Your Spells              Type           Power      Damage    Failure   Level
a - Slow                  Hex            28%        N/A       10%         1

Your spell library contained the following spells:

 Spells                   Type           Power      Damage    Failure   Level
 Inner Flame              Hex/Fire       4%         N/A       43%         3
 Portal Projectile        Hex/Tloc       8%         N/A       43%         3
 Cause Fear               Hex            3%         N/A       67%         4

Inventory:

Hand Weapons
 Y - a +1 sling (weapon)
Armour
 c - a +0 robe (worn)
Scrolls
 a - 2 scrolls of identify
Potions
 f - a potion of enlightenment
 i - a potion of might

Dungeon Overview and Level Annotations

Branches:
Dungeon (2/15)

Altars:
Zin


Message History

The quokka barely misses you. The jackal closely misses you.
The quokka barely misses you. The jackal closely misses you.
You shoot a sling bullet. The sling bullet hits the quokka.
The quokka is heavily wounded.
The jackal bites you but does no damage.
The quokka barely misses you. The jackal bites you.
You shoot a sling bullet.
The sling bullet closely misses the quokka.
The quokka bites you but does no damage.
The jackal misses you. The quokka closely misses you.
You shoot a sling bullet.
The sling bullet closely misses the quokka.
The jackal barely misses you.
The quokka bites you but does no damage.
The jackal misses you.
You shoot a sling bullet.
The sling bullet closely misses the quokka.
The jackal barely misses you. The quokka closely misses you.
The jackal bites you. The quokka misses you.
You shoot a sling bullet. The sling bullet hits the quokka.
The quokka is severely wounded.
The jackal misses you. The quokka bites you. The jackal bites you.
You shoot a sling bullet.
The sling bullet hits the quokka but does no damage.
The quokka is severely wounded.
The quokka bites you but does no damage.
The jackal barely misses you. The quokka barely misses you.
The jackal bites you but does no damage.
You shoot a sling bullet.
The sling bullet closely misses the quokka.
The quokka barely misses you. The jackal barely misses you.
You shoot a sling bullet.
The sling bullet barely misses the quokka.
The jackal bites you but does no damage.
The quokka closely misses you. The jackal closely misses you.
The quokka twitches its whiskers.
The quokka bites you.
You shoot a sling bullet. The sling bullet misses the quokka.
The jackal barely misses you. The quokka bites you.
You die...

.# .# .# ##%##
#.####...####.#
.(....h#.......
#.####r@.# #..#
#.......## #..#
#.#####.# #..#
####.####..#
#.......#..#
#.##..#.#..# #
#.#.....#
#.###.#.## ##
#..#.######


You could see a quokka and a jackal.

Vanquished Creatures
  A dart slug (D:1)
  An endoplasm (D:1)
  A hobgoblin (D:1)
  A jackal (D:2)
  A quokka (D:1)
  A ball python (D:1)
  A bat (D:2)
  A frilled lizard (D:2)
  A rat (D:2)
9 creatures vanquished.

Notes
Turn   | Place    | Note
-------+----------+-------------------------------------------
     0 | D:1      | qw the Gargoyle Hexslinger began the quest for the Orb.
     0 | D:1      | Reached XP level 1. HP: 12/12 MP: 2/2
     0 | D:1      | 0 ||| qw: Version: 0.3-a-51-g015441d
     0 | D:1      | 0 ||| qw: Game counter: 4350
     0 | D:1      | 0 ||| qw: Melee chars always use a shield: true
     0 | D:1      | 0 ||| qw: God list: Okawaru
     0 | D:1      | 0 ||| qw: Allow faded altars: false
     0 | D:1      | 0 ||| qw: Do Orc after clearing Dungeon:15 true
     0 | D:1      | 0 ||| qw: Do second Lair branch before Depths: true
     0 | D:1      | 0 ||| qw: Lair rune preference: random
     0 | D:1      | 0 ||| qw: Goals: Normal
     0 | D:1      | 0 ||| PLANNING D:1-11
   596 | D:1      | Reached XP level 2. HP: 10/16 MP: 3/3
   779 | D:1      | 779 ||| READING 4 scrolls labelled ADWONT FYXAIDA.
   780 | D:1      | 780 ||| READING scroll labelled OLAC REUXZAXZU.
   781 | D:1      | 781 ||| READING 2 scrolls labelled HAQOOTO NOSONA.
   782 | D:1      | 782 ||| DRINKING 2 pink potions.
   783 | D:1      | 783 ||| READING 3 scrolls of identify.
   783 | D:1      | 783 ||| IDENTIFYING smoky orange potion
   784 | D:1      | 784 ||| READING 2 scrolls of identify.
   784 | D:1      | 784 ||| IDENTIFYING smoky inky potion
   785 | D:1      | 785 ||| DROPPING scroll of poison.
   786 | D:1      | 786 ||| DROPPING scroll of amnesia.
   787 | D:1      | 787 ||| DROPPING potion of brilliance.
   835 | D:2      | Found a glowing silver altar of Zin.
   879 | D:2      | HP: 3/16 [quokka (4)]
   880 | D:2      | Slain by a quokka

Levels and vault maps discovered:
D:1:      nagdon_arrival_double_spiral, layout_basic, bh_walls_and_bars
D:2:      layout_loops_ring, basic_altar

Action                     || total
---------------------------++-------
   Fire: Sling             ||    38
    Use: Scroll            ||     5
         Potion            ||     1
 Armour: Robe              ||    11
  Dodge: Dodged            ||    27

Table legend:
 A = Non-vault XP
 B = Vault XP
 C = Vault XP percentage of total XP
 D = Non-vault monster count
 E = Vault monster count
 F = Vault count percentage of total count
                 A         B        C        D         E       F
            +---------+---------+-------+---------+---------+-------
      Total |      16 |       0 |   0.0 |       9 |       0 |   0.0
            +---------+---------+-------+---------+---------+-------
        D:1 |      11 |       0 |   0.0 |       5 |       0 |   0.0
        D:2 |       5 |       0 |   0.0 |       4 |       0 |   0.0
            +---------+---------+-------+---------+---------+-------
